| TOP OF THE 1ST |
|
Fort Wayne TinCaps batting - Pitching for Augusta GreenJackets : RHP John Delaney
|
|
Pitching: RHP John Delaney
|
|
|
Batting: LHB Ramon Vega
|
0-0: Fly out, F7 (Line Drive, 7, EV 99.4 MPH)
|
|
Batting: RHB Min-chin Yi
|
0-0: Ball 1-0: Foul Ball, location: 2F 1-1: Swinging Strike 1-2: Foul Ball, location: 2F 1-2: Ball 2-2: Foul Ball, location: 2F 2-2: Foul Ball, location: 2F 2-2: Foul Ball, location: 2F 2-2: Ground out U3 (Groundball, 34, EV 105.0 MPH)
|
|
Batting: RHB Danny Loyola
|
0-0: Called Strike 0-1: Ball 1-1: Swinging Strike 1-2: Ball 2-2: Foul Ball, location: 2F 2-2: Ball 3-2: Strikes out swinging
|
| Top of the 1st over - 0 runs, 0 hits, 0 errors, 0 left on base; Fort Wayne 0 - Augusta 0 |
| BOTTOM OF THE 1ST |
|
Augusta GreenJackets batting - Pitching for Fort Wayne TinCaps : RHP Eric Johnson
|
|
Pitching: RHP Eric Johnson
|
|
|
Batting: RHB Nick Wicker
|
0-0: DOUBLE (Groundball, 3L, EV 101.9 MPH)
|
|
Batting: LHB Gil Caraveo
|
0-0: Ball 1-0: Foul Ball, location: 2F 1-1: Ground out U3 (Groundball, 3, EV 89.4 MPH) Nick Wicker to third
|
|
Batting: RHB Dave Crouch
|
0-0: Called Strike 0-1: SINGLE (Line Drive, 78M, EV 104.4 MPH) Nick Wicker scores
|
|
Batting: LHB David Ramirez
|
0-0: Called Strike 0-1: Swinging Strike 0-2: Ball Dave Crouch is caught stealing 2nd base 2-6 1-2: Strikes out looking
|
| Bottom of the 1st over - 1 run, 2 hits, 0 errors, 0 left on base; Fort Wayne 0 - Augusta 1 |
| TOP OF THE 2ND |
|
Fort Wayne TinCaps batting - Pitching for Augusta GreenJackets : RHP John Delaney
|
|
Batting: RHB Davey Verhoog
|
0-0: Ball 1-0: Called Strike 1-1: Foul Ball, location: 2F 1-2: Ball 2-2: Fly out, F8 (Flyball, 8LXD, EV 93.8 MPH)
|
|
Batting: RHB Yusuke Nakamura
|
0-0: SINGLE (Line Drive, 6D, EV 95.6 MPH)
|
|
Batting: RHB Joe Weissman
|
0-0: Called Strike 0-1: Ball 1-1: Grounds into double play, 6-4-3 (Groundball, 6, EV 81.9 MPH)
|
| Top of the 2nd over - 0 runs, 1 hit, 0 errors, 0 left on base; Fort Wayne 0 - Augusta 1 |
| BOTTOM OF THE 2ND |
|
Augusta GreenJackets batting - Pitching for Fort Wayne TinCaps : RHP Eric Johnson
|
|
Batting: LHB Josh Straub
|
0-0: Ball 1-0: Ground out 4-3 (Groundball, 4, EV 88.1 MPH)
|
|
Batting: SHB David Barona
|
0-0: Ball 1-0: Foul Ball, location: 2F 1-1: Ball 2-1: Ground out U3 (Groundball, 3, EV 81.2 MPH)
|
|
Batting: RHB Matt Fenimore
|
0-0: Ball 1-0: Called Strike 1-1: Ball 2-1: Swinging Strike 2-2: Foul Ball, location: 2F 2-2: Fly out, F8 (Flyball, 8RXD, EV 100.0 MPH)
|
| Bottom of the 2nd over - 0 runs, 0 hits, 0 errors, 0 left on base; Fort Wayne 0 - Augusta 1 |
| TOP OF THE 3RD |
|
Fort Wayne TinCaps batting - Pitching for Augusta GreenJackets : RHP John Delaney
|
|
Batting: LHB Jeremy DiGenova
|
0-0: Foul Ball, location: 2F 0-1: Ball 1-1: Ball 2-1: Swinging Strike 2-2: SINGLE (Groundball, 4MD, EV 103.1 MPH)
|
|
Batting: RHB Alex Vasquez
|
0-0: Called Strike 0-1: Grounds into double play, 1-6-3 (Groundball, 13S, EV 68.1 MPH)
|
|
Batting: RHB Alfredo Lemus
|
0-0: Swinging Strike 0-1: Called Strike 0-2: Ball 1-2: Strikes out swinging
|
| Top of the 3rd over - 0 runs, 1 hit, 0 errors, 0 left on base; Fort Wayne 0 - Augusta 1 |
| BOTTOM OF THE 3RD |
|
Augusta GreenJackets batting - Pitching for Fort Wayne TinCaps : RHP Eric Johnson
|
|
Batting: LHB James Wheaton
|
0-0: Called Strike 0-1: Ball 1-1: SINGLE (Line Drive, 78S, EV 103.8 MPH)
|
|
Batting: RHB Devin Lowery
|
0-0: Foul Ball, location: 2F 0-1: DOUBLE (Groundball, 5L, EV 108.8 MPH) James Wheaton to third Runner from 3rd tries for Home, SAFE, no throw by LF
|
|
Batting: RHB Nick Wicker
|
0-0: Ball 1-0: Ground out 5-3 (Groundball, 5L, EV 79.4 MPH)
|
|
Batting: LHB Gil Caraveo
|
0-0: Foul Ball, location: 2F 0-1: Called Strike 0-2: Foul Ball, location: 2F 0-2: SINGLE (Line Drive, 89M, EV 105.0 MPH) Devin Lowery to third
|
|
Batting: RHB Dave Crouch
|
0-0: Ball Gil Caraveo steals 2nd base 1-0: Ball 2-0: Fly out, F8 (Flyball, 8LM, EV 83.8 MPH)
|
|
Batting: LHB David Ramirez
|
0-0: Ball 1-0: Foul Ball, location: 2F 1-1: Foul Ball, location: 2F 1-2: Fly out, F8 (Flyball, 8RS, EV 87.5 MPH)
|
| Bottom of the 3rd over - 1 run, 3 hits, 0 errors, 2 left on base; Fort Wayne 0 - Augusta 2 |
| TOP OF THE 4TH |
|
Fort Wayne TinCaps batting - Pitching for Augusta GreenJackets : RHP John Delaney
|
|
Batting: LHB Ramon Vega
|
0-0: Fly out, F8 (Flyball, 8LD, EV 100.6 MPH)
|
|
Batting: RHB Min-chin Yi
|
0-0: SINGLE (Groundball, P, EV 88.8 MPH) (infield hit)
|
|
Batting: RHB Danny Loyola
|
0-0: Foul Ball, location: 2F 0-1: Ball Min-chin Yi is caught stealing 2nd base 2-4 1-1: Ball 2-1: Foul Ball, location: 2F 2-2: Ball 3-2: SINGLE (Flyball, 56D, EV 87.5 MPH)
|
|
Batting: RHB Davey Verhoog
|
0-0: Called Strike Danny Loyola is caught stealing 2nd base 2-4
|
| Top of the 4th over - 0 runs, 2 hits, 0 errors, 0 left on base; Fort Wayne 0 - Augusta 2 |
| BOTTOM OF THE 4TH |
|
Augusta GreenJackets batting - Pitching for Fort Wayne TinCaps : RHP Eric Johnson
|
|
Batting: LHB Josh Straub
|
0-0: Called Strike 0-1: Foul Ball, location: 2F 0-2: Foul Ball, location: 2F 0-2: Foul Ball, location: 2F 0-2: Ground out U3 (Groundball, 34, EV 86.2 MPH)
|
|
Batting: SHB David Barona
|
0-0: Swinging Strike 0-1: Foul Ball, location: 2F 0-2: Ball 1-2: Ball 2-2: Ball 3-2: Ground out 4-3 (Groundball, 4, EV 106.9 MPH)
|
|
Batting: RHB Matt Fenimore
|
0-0: Ball 1-0: Ball 2-0: Ball 3-0: SINGLE (Groundball, 34D, EV 110.0 MPH)
|
|
Batting: LHB James Wheaton
|
0-0: Ball 1-0: Ball 2-0: 2-RUN HOME RUN (Line Drive, 7D, EV 98.1 MPH), Distance : 381 ft
|
|
Batting: RHB Devin Lowery
|
0-0: Ball 1-0: Ball 2-0: Ball 3-0: Called Strike 3-1: Base on Balls
|
|
Batting: RHB Nick Wicker
|
0-0: Ball 1-0: Ball 2-0: Swinging Strike 2-1: Foul Ball, location: 2F 2-2: Strikes out swinging
|
| Bottom of the 4th over - 2 runs, 2 hits, 0 errors, 1 left on base; Fort Wayne 0 - Augusta 4 |
| TOP OF THE 5TH |
|
Fort Wayne TinCaps batting - Pitching for Augusta GreenJackets : RHP John Delaney
|
|
Batting: RHB Davey Verhoog
|
0-0: Called Strike 0-1: Ground out 3-1 (Groundball, 34S, EV 68.8 MPH)
|
|
Batting: RHB Yusuke Nakamura
|
0-0: Ball 1-0: Ground out 6-3 (Groundball, 6, EV 82.5 MPH)
|
|
Batting: RHB Joe Weissman
|
0-0: Called Strike 0-1: Called Strike 0-2: Strikes out swinging
|
| Top of the 5th over - 0 runs, 0 hits, 0 errors, 0 left on base; Fort Wayne 0 - Augusta 4 |
| BOTTOM OF THE 5TH |
|
Augusta GreenJackets batting - Pitching for Fort Wayne TinCaps : RHP Eric Johnson
|
|
Batting: LHB Gil Caraveo
|
0-0: Ball 1-0: Called Strike 1-1: Ball 2-1: DOUBLE (Groundball, 3L, EV 105.0 MPH)
|
|
Batting: RHB Dave Crouch
|
0-0: Called Strike 0-1: Ground out 6-3 (Groundball, 6MD, EV 100.6 MPH) Gil Caraveo to third
|
|
Batting: LHB David Ramirez
|
0-0: Ball 1-0: Ball 2-0: Foul Ball, location: 2F 2-1: Foul Ball, location: 2F 2-2: Strikes out swinging
|
|
Batting: LHB Josh Straub
|
0-0: Foul Ball, location: 2F 0-1: Ball 1-1: Ball 2-1: SINGLE (Line Drive, 5L, EV 103.1 MPH) Gil Caraveo scores
|
|
Pitching: RHP Zach Monlux
|
|
|
Batting: SHB David Barona
|
0-0: Called Strike 0-1: Ball 1-1: Called Strike Josh Straub is caught stealing 2nd base 2-6
|
| Bottom of the 5th over - 1 run, 2 hits, 0 errors, 0 left on base; Fort Wayne 0 - Augusta 5 |
| TOP OF THE 6TH |
|
Fort Wayne TinCaps batting - Pitching for Augusta GreenJackets : RHP John Delaney
|
|
Batting: LHB Jeremy DiGenova
|
0-0: Called Strike 0-1: Called Strike 0-2: Ball 1-2: Ball 2-2: Reached on error, E3 (Groundball, 34, EV 103.1 MPH)
|
|
Batting: RHB Alex Vasquez
|
0-0: Foul Ball, location: 2F 0-1: Called Strike 0-2: Ball 1-2: Ball 2-2: Strikes out swinging
|
|
Batting: RHB Alfredo Lemus
|
0-0: Ball 1-0: Ball 2-0: 2-RUN HOME RUN (Flyball, 7D, EV 102.5 MPH), Distance : 392 ft
|
|
Batting: LHB Ramon Vega
|
0-0: Ground out U3 (Groundball, 3S, EV 84.4 MPH)
|
|
Batting: RHB Min-chin Yi
|
0-0: SINGLE (Groundball, 56D, EV 98.8 MPH)
|
|
Batting: RHB Danny Loyola
|
0-0: Ball Min-chin Yi steals 2nd, throwing error, E2 Min-chin Yi to third 1-0: Ball 2-0: Called Strike 2-1: Called Strike 2-2: Strikes out swinging
|
| Top of the 6th over - 2 runs, 2 hits, 2 errors, 1 left on base; Fort Wayne 2 - Augusta 5 |
| BOTTOM OF THE 6TH |
|
Augusta GreenJackets batting - Pitching for Fort Wayne TinCaps : RHP Zach Monlux
|
|
Batting: SHB David Barona
|
0-0: Ball 1-0: Ball 2-0: Foul Ball, location: 2F 2-1: Foul Ball, location: 2F 2-2: Ground out 4-3 (Groundball, 4, EV 106.2 MPH)
|
|
Batting: RHB Matt Fenimore
|
0-0: Called Strike 0-1: Fly out, F4 (Popup, 3D, EV 58.1 MPH)
|
|
Batting: LHB James Wheaton
|
0-0: Ball 1-0: Fly out, F5 (Popup, 5S, EV 78.8 MPH)
|
| Bottom of the 6th over - 0 runs, 0 hits, 0 errors, 0 left on base; Fort Wayne 2 - Augusta 5 |
| TOP OF THE 7TH |
|
Fort Wayne TinCaps batting - Pitching for Augusta GreenJackets : RHP John Delaney
|
|
Batting: RHB Davey Verhoog
|
0-0: Foul Ball, location: 2F 0-1: Ball 1-1: Foul Ball, location: 2F 1-2: Foul Ball, location: 2F 1-2: Foul Ball, location: 2F 1-2: Ball 2-2: Strikes out swinging
|
|
Batting: RHB Yusuke Nakamura
|
0-0: Ball 1-0: Called Strike 1-1: Foul Ball, location: 2F 1-2: Ball 2-2: Reached on error, E4 (Groundball, 6M, EV 86.2 MPH)
|
|
Pitching: RHP Nick McDade
|
|
|
Batting: RHB Joe Weissman
|
0-0: Ball 1-0: Called Strike 1-1: Ball 2-1: Fly out, F7 (Flyball, 78S, EV 87.5 MPH)
|
|
Batting: LHB Jeremy DiGenova
|
0-0: Called Strike 0-1: Swinging Strike 0-2: Strikes out looking
|
| Top of the 7th over - 0 runs, 0 hits, 1 error, 1 left on base; Fort Wayne 2 - Augusta 5 |
| BOTTOM OF THE 7TH |
|
Augusta GreenJackets batting - Pitching for Fort Wayne TinCaps : RHP Zach Monlux
|
|
Batting: RHB Devin Lowery
|
0-0: Foul Ball, location: 2F 0-1: Foul Ball, location: 2F 0-2: Foul Ball, location: 2F 0-2: Foul Ball, location: 2F 0-2: Fly out, F8 (Line Drive, 8LS, EV 91.9 MPH)
|
|
Batting: RHB Nick Wicker
|
0-0: Foul Ball, location: 2F 0-1: Foul Ball, location: 2F 0-2: Ball 1-2: Ball 2-2: Foul Ball, location: 2F 2-2: Ground out 6-3 (Groundball, P, EV 80.0 MPH)
|
|
Batting: LHB Gil Caraveo
|
0-0: Ground out 4-3 (Groundball, 4, EV 88.8 MPH)
|
| Bottom of the 7th over - 0 runs, 0 hits, 0 errors, 0 left on base; Fort Wayne 2 - Augusta 5 |
| TOP OF THE 8TH |
|
Fort Wayne TinCaps batting - Pitching for Augusta GreenJackets : RHP Nick McDade
|
|
Pitching: LHP Matt Bagnall
|
|
|
Batting: RHB Alex Vasquez
|
0-0: Ball 1-0: Ball 2-0: Ball 3-0: Base on Balls
|
|
Batting: RHB Alfredo Lemus
|
0-0: DOUBLE (Flyball, 89D, EV 105.0 MPH) Alex Vasquez to third
|
|
Pinch Hitting: RHB Jaden Scott
|
0-0: Foul Ball, location: 2F 0-1: Called Strike 0-2: Ball 1-2: Hit by Pitch
|
|
Batting: RHB Min-chin Yi
|
0-0: Ball 1-0: Foul Ball, location: 2F 1-1: Ball Wild Pitch! Alex Vasquez scores Alfredo Lemus to third Jaden Scott to second 2-1: Foul Ball, location: 2F 2-2: SINGLE (Groundball, 4MD, EV 111.2 MPH) Alfredo Lemus scores Jaden Scott to third Runner from 3rd tries for Home, throw by CF and OUT! 8-2 Min-chin Yi to second
|
|
Batting: RHB Danny Loyola
|
0-0: SINGLE (Groundball, 56D, EV 98.8 MPH) Min-chin Yi to third
|
|
Batting: RHB Davey Verhoog
|
0-0: Called Strike 0-1: Ball 1-1: Ball 2-1: Called Strike 2-2: SINGLE (Line Drive, 89S, EV 103.1 MPH) Min-chin Yi scores Danny Loyola to second
|
|
Batting: RHB Yusuke Nakamura
|
0-0: Foul Ball, location: 2F 0-1: Ball 1-1: Ball 2-1: Swinging Strike 2-2: Ball 3-2: Strikes out swinging
|
|
Batting: RHB Joe Weissman
|
0-0: Foul Ball, location: 2LF, Error on foul ball, E2 0-1: Ball 1-1: Foul Ball, location: 2F 1-2: Ball 2-2: Ball 3-2: DOUBLE (Flyball, 7LD, EV 92.5 MPH) Danny Loyola scores Davey Verhoog to third Davey Verhoog scores
|
|
Pitching: RHP Filip Nebylitsin
|
|
|
Batting: LHB Jeremy DiGenova
|
0-0: Ball 1-0: Foul Ball, location: 2F 1-1: Foul Ball, location: 2F 1-2: Strikes out swinging
|
| Top of the 8th over - 5 runs, 5 hits, 1 error, 1 left on base; Fort Wayne 7 - Augusta 5 |
| BOTTOM OF THE 8TH |
|
Augusta GreenJackets batting - Pitching for Fort Wayne TinCaps : RHP Zach Monlux
|
|
Now in CF: Davey Verhoog
|
|
|
Now in RF: Yutaro Takahashi
|
|
|
Batting: RHB Dave Crouch
|
0-0: Fly out, F9 (Flyball, 9S, EV 85.0 MPH)
|
|
Pitching: LHP Brennan Duncan
|
|
|
Pinch Hitting: RHB Jonathan Reece
|
0-0: Ball 1-0: Called Strike 1-1: Swinging Strike 1-2: Strikes out swinging
|
|
Batting: LHB Josh Straub
|
0-0: Fly out, F9 (Flyball, 89M, EV 91.2 MPH)
|
| Bottom of the 8th over - 0 runs, 0 hits, 0 errors, 0 left on base; Fort Wayne 7 - Augusta 5 |
| TOP OF THE 9TH |
|
Fort Wayne TinCaps batting - Pitching for Augusta GreenJackets : RHP Filip Nebylitsin
|
|
Now in RF: Jonathan Reece
|
|
|
Batting: RHB Alex Vasquez
|
0-0: Ball 1-0: Ball 2-0: Ball 3-0: Called Strike 3-1: Foul Ball, location: 2F 3-2: Fly out, F9 (Flyball, 9D, EV 99.4 MPH)
|
|
Batting: RHB Alfredo Lemus
|
0-0: Ball 1-0: Foul Ball, location: 2F 1-1: Called Strike 1-2: Strikes out swinging
|
|
Batting: SHB Yutaro Takahashi
|
0-0: Called Strike 0-1: Ball 1-1: Ball 2-1: Ground out 6-3 (Groundball, 6M, EV 108.1 MPH)
|
| Top of the 9th over - 0 runs, 0 hits, 0 errors, 0 left on base; Fort Wayne 7 - Augusta 5 |
| BOTTOM OF THE 9TH |
|
Augusta GreenJackets batting - Pitching for Fort Wayne TinCaps : LHP Brennan Duncan
|
|
Pitching: RHP Dave Waterman
|
|
|
Batting: SHB David Barona
|
0-0: Ground out U3 (Groundball, 34, EV 102.5 MPH)
|
|
Batting: RHB Matt Fenimore
|
0-0: Foul Ball, location: 2F 0-1: Ball 1-1: Foul Ball, location: 2F 1-2: Strikes out swinging
|
|
Batting: LHB James Wheaton
|
0-0: Ball 1-0: Foul Ball, location: 2F 1-1: Called Strike 1-2: Ball 2-2: Foul Ball, location: 2F 2-2: Ground out 1-3 (Groundball, 15, EV 76.9 MPH)
|
| Bottom of the 9th over - 0 runs, 0 hits, 0 errors, 0 left on base; Fort Wayne 7 - Augusta 5 |
|